 Dungeon Crawl Stone Soup version 0.29.0-13-gc9e81de378 (webtiles) character file.

Game seed: 16948509074178838975

47 Acheron the Insei (level 3, -5/26 HPs)
             Began as a Vampire Transmuter on Sept 7, 2022.
             Killed by nerve-wracking pain
             ... invoked by Jessica
              (12 damage)
             ... on level 2 of the Dungeon.
             The game lasted 00:07:42 (1026 turns).

Acheron the Insei (Vampire Transmuter)              Turns: 1026, Time: 00:07:44

Health: -5/26      AC:  2    Str: 11    XL:     3   Next: 48%
Magic:  6/6        EV: 12    Int: 15    God:
Gold:   69         SH:  0    Dex: 14    Spells: 1/6 levels left

rFire   . . .      SeeInvis +   k - +0 spear (freeze)
rCold   . . .      Faith    .   (no shield)
rNeg    . . .      Spirit   .   a - +0 robe
rPois   .          Reflect  .   (helmet currently unavailable)
rElec   .          Harm     .   (no cloak)
rCorr   .          Rampage  .   (no gloves)
Will    .....                   (boots currently unavailable)
Stlth   ++........              (no amulet)
HPRegen 0.28/turn               (no ring)
MPRegen 0.10/turn               (no ring)

@: appendages (expiring), healing quickly, slowed, very slow
A: horns 2, talons 2, alive, fangs 3, see invisible, vampiric 2
a: Exsanguinate, End Transformation


You were on level 2 of the Dungeon.
You had temporarily grown beastly horns and talons.
You visited 1 branch of the dungeon, and saw 2 of its levels.

You collected 69 gold pieces.

Inventory:

Hand Weapons
 d - a +0 mace
 k - a +0 spear of freezing (weapon)
Armour
 a - a +0 robe (worn)
Magical Staves
 h - a staff of air
Jewellery
 e - a ring of willpower
Scrolls
 l - a scroll of poison {unknown}
 m - a scroll of torment {unknown}
Potions
 b - a potion of lignification
 c - a potion of heal wounds {unknown}
 f - a potion of might {unknown}
 g - a potion of mutation {unknown}
 j - 2 potions of berserk rage {unknown}


   Skills:
 * Level 1.3 Fighting
 * Level 0.2 Polearms
 * Level 0.1 Throwing
 * Level 2.5 Dodging
 * Level 1.4 Stealth
 + Level 3.4 Unarmed Combat
 * Level 2.3 Spellcasting
 * Level 2.8 Transmutations


You had one spell level left.
You knew the following spells:

 Your Spells              Type           Power      Damage    Failure   Level
a - Beastly Appendage     Tmut           20%        N/A       7%          1
b - Wereblood             Tmut           10%        N/A       10%         2
c - Call Imp              Summ           1%         N/A       32%         2

Your spell library contained the following spells:

 Spells                   Type           Power      Damage    Failure   Level
 Magic Dart               Conj           4%         1d3       22%         1
 Spider Form              Tmut/Pois      6%         N/A       34%         3
 Mephitic Cloud           Conj/Pois/Air  1%         N/A       54%         3
 Ice Form                 Ice/Tmut       6%         N/A       75%         4


Dungeon Overview and Level Annotations

Branches:
Dungeon (2/15)

Altars:

Shops:
D:1 (

Annotations:
D:2 Jessica


Innate Abilities, Weirdness & Mutations

You have temporarily grown beastly horns and talons.
Your natural rate of healing is accelerated.
You have razor-sharp teeth.
You have supernaturally acute eyesight. (SInv)
You are afflicted with vampirism and can become a bat while bloodless.


Message History

Unknown command.
Casting: Beastly Appendage (safe; 7% risk of failure)
Confirm with . or Enter, or press ? or * to list all spells.
You extend your transformation's duration.
The kobold shouts!
Jessica zaps a wand.
The puff of flame misses you. The giant cockroach misses you.
The giant cockroach completely misses you.
You hit Jessica. You freeze Jessica. You claw Jessica. You bite Jessica.
Jessica is almost dead.
Jessica casts a spell.
Jessica blinks!
The giant cockroach bites you.
You hit the giant cockroach. You freeze the giant cockroach.
You kill the giant cockroach!
Your transformation is almost over.
Jessica zaps a wand.
The puff of flame misses you.
You closely miss Jessica. Your kick misses Jessica.
Your headbutt misses Jessica.
Jessica is almost dead.
Jessica gestures wildly while chanting.
Jessica blinks!
The kobold hits you with a +0 club.
You see here a giant cockroach corpse.
You completely miss the kobold. You claw the kobold.
You kill the kobold!
Jessica gestures at you while chanting.
You feel yourself slow down.
Jessica zaps a wand.
The puff of flame hits you!
Found a stone staircase leading down.
Jessica zaps a wand.
The puff of flame misses you.
Found a book of Spatial Translocations.
Jessica closely misses you. Jessica hits you with a +0 club.
* * * LOW HITPOINT WARNING * * *
You closely miss Jessica.
Jessica is severely wounded.
Jessica zaps a wand.
The puff of flame misses you. Jessica gestures at you while chanting.
You barely resist. Jessica gestures at you while chanting.
Pain shoots through your body!
You die...

........#####......†...#
.......######..........#
...#.....#..[......#####
...................###
###.#................####
#...<.##..............#
##.....#.........#....#
..............@........#
#.###.........J.@..#....#
# ...............#....#
....#.#........†.....#
##....###.##...).....#
$..#................#
#:.........(.).#
........(.(#####
..###...... >. ......##


You could see Jessica (fast) and an endoplasm (wandering).

Vanquished Creatures
  An adder (D:2)
  A dart slug (D:2)
  2 endoplasms
  5 giant cockroaches
  3 goblins
  4 hobgoblins
  3 quokkas (D:1)
  3 ball pythons (D:2)
  3 bats (D:1)
  2 frilled lizards
  2 kobolds
  5 rats (D:1)
34 creatures vanquished.

Notes
Turn   | Place    | Note
-------+----------+-------------------------------------------
     0 | D:1      | Acheron the Vampire Transmuter began the quest for the Orb.
     0 | D:1      | Reached XP level 1. HP: 14/14 MP: 3/3
    38 | D:1      | Reached skill level 1 in Fighting
   143 | D:1      | Reached XP level 2. HP: 20/21 MP: 5/5
   147 | D:1      | Learned a level 2 spell: Wereblood
   240 | D:1      | Found Hiygeoti's Weapon Shoppe.
   298 | D:1      | Reached skill level 1 in Stealth
   400 | D:1      | Learned a level 2 spell: Call Imp
   754 | D:1      | Gained mutation: You are afflicted with vampirism and can
                  | become a bat while bloodless. [Vampire growth]
   754 | D:1      | Reached XP level 3. HP: 26/26 MP: 4/6
   809 | D:2      | Noticed Jessica
   936 | D:2      | Found a faded altar of an unknown god.
  1026 | D:2      | Killed from afar by Jessica

Illustrated notes

Levels and vault maps discovered:
D:1:      dpeg_arrival_prison, layout_basic, serial_shops, shop
D:2:      layout_rooms, chequers_ecumenical_altar_simple_redux, uniq_jessica

Skill      XL: |  1  2 |
---------------+-------+-----
Fighting       | 1 |  1.3
Stealth        | 1 |  1.4
Polearms       | |  0.2
Throwing       | |  0.1
Dodging        | |  2.5
Unarmed Combat | |  3.4
Spellcasting   | |  2.3
Transmutations | |  2.8

Action                   || total
-------------------------++-------
Melee: Unarmed           ||    30
       Mace              ||    38
       Kick              ||    14
       Headbutt          ||     7
       Bite              ||     6
       Punch             ||     3
       Spear             ||    16
Throw: Dart              ||     5
 Cast: Beastly Appendage ||    22
  Use: Scroll            ||     1
 Stab: Sleeping          ||     3
Armor: Robe              ||    14
Dodge: Dodged            ||    70
